 Dungeon Crawl Stone Soup version 0.26-a0-1012-gedcf9b2963 (webtiles) character file.

Game seed: 6767444886027204918

21 ArelonLightweaver the Skirmisher (level 2, -6/24 HPs)
             Began as a Mummy Monk on Dec 7, 2020.
             Killed from afar by Natasha (8 damage)
             ... with a magic dart
             ... on level 1 of the Dungeon.
             The game lasted 00:10:57 (1225 turns).

ArelonLightweaver the Skirmisher (Mummy Monk)       Turns: 1225, Time: 00:10:58

Health: -6/24      AC:  3    Str: 14    XL:     2   Next: 62%
Magic:  2/2        EV: 13    Int:  9    God:
Gold:   19         SH:  0    Dex: 14    Spells: 1/1 levels left

rFire    x . .     SeeInvis .     - Unarmed
rCold    + . .     Faith    .   (no shield)
rNeg     + + +     Spirit   .   a - +0 robe
rPois    ∞         Reflect  .   (no helmet)
rElec    .         Harm     .   (no cloak)
rCorr    .         Rampage  .   (no gloves)
Will     .....                  b - +0 pair of boots
Stlth    ++........             (no amulet)
HPRegen  0.08/turn              (no ring)
MPRegen  0.08/turn              (no ring)

@: slowed, very slow
A: no potions, fire vulnerability, cold resistance 1, negative energy resistance
3, torment resistance, unbreathing
a: no special abilities


You were on level 1 of the Dungeon.
You visited 1 branch of the dungeon, and saw 2 of its levels.

You collected 19 gold pieces.

Inventory:

Missiles
 d - 14 arrows
Armour
 a - a +0 robe (worn)
 b - a +0 pair of boots (worn)
 g - a +0 plate armour
Scrolls
 c - a scroll of blinking {unknown}
 e - a scroll of random uselessness {unknown}
 f - a scroll of magic mapping {unknown}


   Skills:
 + Level 3.1 Fighting
 * Level 2.8 Dodging
 - Level 1.5 Stealth
 * Level 2.8 Unarmed Combat


You had one spell level left.
You didn't know any spells.
Your spell library was empty.

Dungeon Overview and Level Annotations

Branches:
Dungeon (2/15)

Altars:

Annotations:
D:1 Natasha


Innate Abilities, Weirdness & Mutations

You do not drink.
Your flesh is vulnerable to fire.
You are immune to poison.
Your flesh is cold resistant. (rC+)
You are immune to negative energy. (rN+++)
You are immune to unholy pain and torment.
You can survive without breathing.


Message History

Natasha stares at you and mumbles some strange words.
The magic dart hits you.
* * * LOW HITPOINT WARNING * * *
Natasha completely misses you.
You hit Natasha. You punch Natasha.
Natasha is heavily wounded.
Natasha mumbles some strange words.
Natasha shimmers violently.
Natasha claws you but does no damage.
You completely miss Natasha.
Natasha is heavily wounded.
Natasha claws you.
* * * LOW HITPOINT WARNING * * *
Natasha barely misses you. Natasha claws you.
* * * LOW HITPOINT WARNING * * *
Natasha closely misses you.
Natasha stares at you and mumbles some strange words.
The magic dart hits you!
You die...

#.###............
##.#.#.###.......
##........###...
#############.....######.##
#........................##
#.########........######... #.#
#.#...#### #### #.# #.#.#.# #
#.# #@#...# # #.# #h#.### #
####.########.#.# #
###.........>...#.# ##
#......#.###...##.#############.
#..#............................
#....###.###...##.#############.
#.#.## #.# ##.###.##############
#.#.# #.# #.# #...............


You could see Natasha.

Vanquished Creatures
  A dart slug (D:1)
  A leopard gecko (D:1)
  5 bats (D:1)
  2 giant cockroaches (D:1)
  2 goblins (D:1)
  A hobgoblin (D:1)
  A ball python (D:1)
  A frilled lizard (D:1)
  2 rats
16 creatures vanquished.

Notes
Turn   | Place    | Note
-------+----------+-------------------------------------------
     0 | D:1      | ArelonLightweaver the Mummy Monk began the quest for the
                  | Orb.
     0 | D:1      | Reached XP level 1. HP: 18/18 MP: 1/1
   133 | D:1      | Reached XP level 2. HP: 22/24 MP: 2/2
  1197 | D:2      | Noticed Natasha
  1212 | D:2      | Noticed a crimson imp
  1223 | D:1      | HP: 1/24 [Natasha (1)]
  1225 | D:1      | Killed from afar by Natasha

Illustrated notes

Levels and vault maps discovered:
D:1:      dpeg_arrival_arbitrary_c, layout_loops_ring
D:2:      layout_loops_ring, hangedman_abyss_or_decor_stabs, minmay_domino_2,
          uniq_robin, uniq_natasha

Action                   || total
-------------------------++-------
Melee: Unarmed           ||    75
       Punch             ||     3
 Stab: Sleeping          ||     3
Armor: Robe              ||    29
Dodge: Dodged            ||    52

Table legend: (Time is in decaauts)
 A = Elapsed time spent in this place.
 B = Non-inter-level travel time spent in this place.
 C = Inter-level travel time spent in this place.
 D = Time resting spent in this place.
 E = Time spent auto-exploring this place.
 F = Levels seen in this place.
 G = Mean time per level.
                   A        B        C        D        E       F      G
               +--------+--------+--------+--------+--------+-----+--------+
         Total |   1226 |    329 |    897 |    112 |      0 |   2 |  613.0 |
       Dungeon |   1226 |    329 |    897 |    112 |      0 |   2 |  613.0 |
               +--------+--------+--------+--------+--------+-----+--------+

Top non-repeatable levels by time:
     D:1: 1205 daAuts
     D:2: 21 daAuts
